 Dungeon Crawl Stone Soup version 0.22.0-49-gab54619 (webtiles) character file.

74 Folque the Vexing (level 4, -2/42 HPs)
             Began as an Ogre Arcane Marksman on Sept 6, 2018.
             Slain by a dart slug (3 damage)
             ... on level 4 of the Dungeon.
             The game lasted 00:05:12 (1042 turns).

Folque the Vexing (Ogre Arcane Marksman)            Turns: 1042, Time: 00:05:12

Health: -2/42      AC:  3    Str: 19    XL:     4   Next: 28%
Magic:  0/7        EV: 10    Int: 14    God:
Gold:   35         SH:  0    Dex: 10    Spells: 4/7 levels left

rFire    . . .     SeeInvis .   e - +0 spear
rCold    . . .     Gourm    .   (no shield)
rNeg     . . .     Faith    .   a - +0 robe
rPois    .         Spirit   .   (helmet restricted)
rElec    .         Reflect  .   (no cloak)
rCorr    .         Harm     .   (gloves unavailable)
MR       .....                  (boots unavailable)
Stlth    +.........             (no amulet)
HPRegen  0.14/turn              (no ring)
MPRegen  0.10/turn              (no ring)

@: mighty, flying
A: large, unfitting armour, antennae 1, hooves 1, tough skin 1
a: no special abilities


You were on level 4 of the Dungeon.
You were not hungry.

You visited 1 branch of the dungeon, and saw 3 of its levels.

You collected 35 gold pieces.

Inventory:

Hand Weapons
 e - a +0 spear (weapon)
Missiles
 c - 2 large rocks (quivered)
 d - 2 throwing nets
 k - 26 sling bullets
Armour
 a - a +0 robe (worn)
Scrolls
 h - a scroll of teleportation
 m - a scroll of remove curse
 o - a scroll of fog {unknown}
 p - a scroll of magic mapping {unknown}
Potions
 i - a potion of cancellation
 j - a potion of might
 l - a potion of mutation
Comestibles
 b - 3 chunks of flesh
 f - a ration


   Skills:
 - Level 2.1 Fighting
 + Level 2.5 Throwing
 - Level 1.7 Dodging
 - Level 2.3 Spellcasting
 * Level 3.7 Hexes


You had 4 spell levels left.
You knew the following spells:

 Your Spells              Type           Power        Failure   Level  Hunger
a - Corona                Hex            ##.....      4%          1    #......
b - Slow                  Hex            ##......     8%          2    ###....

Your spell library contained the following spells:

 Spells                   Type           Power        Failure   Level  Hunger
 Inner Flame              Hex/Fire       #.......     32%         3    ###....
 Portal Projectile        Hex/Tloc       #.....       32%         3    ###....
 Cause Fear               Hex            ##........   45%         4    #####..
 Leda's Liquefaction      Hex/Erth       #.........   71%         4    #####..


Dungeon Overview and Level Annotations

Branches:
Dungeon (2/15)

Altars:
Sif Muna


Innate Abilities, Weirdness & Mutations

You are too large for most types of armour.
You have tough skin. (AC +1)
You have a pair of small antennae on your head.
You have large cloven feet.


Message History

* * * LOW HITPOINT WARNING * * *
The frilled lizard barely misses you.
You hit the scorpion. You kick the scorpion.
You kill the scorpion!
You have reached level 4!
The frilled lizard completely misses you.
The dart slug completely misses you.
You puncture the dart slug! You kick the dart slug.
The dart slug is almost dead.
The frilled lizard bites you.
* * * LOW HITPOINT WARNING * * *
The dart slug launches a dart at you. The slug dart hits you!
* * * LOW HITPOINT WARNING * * *
As you read the scroll labeled IMMAURPH TONTEPHI, it crumbles to dust.
It is a scroll of identify.
m - a scroll of remove curse The frilled lizard bites you but does no damage.
The dart slug bites you.
You die...

..... ..... ..
.$..#....... ..
...#....... #
........... #
#..#.......
#.......... #
##.#........ ..
#lw.#...?.# ..
#@##...# .(
#†###..# .. ...
..# ..... ....
.#..........
#.#............
# #####.##...#.
.# #..#


You could see a dart slug and a frilled lizard.

Vanquished Creatures
  A scorpion (D:4)
  A leopard gecko (D:1)
  3 bats (D:1)
  4 goblins (D:1)
  7 hobgoblins (D:1)
  A kobold (D:1)
  2 ball pythons (D:1)
  2 frilled lizards (D:2)
  3 rats (D:1)
24 creatures vanquished.

Notes
Turn   | Place    | Note
-------+----------+-------------------------------------------
     0 | D:1      | Folque the Ogre Arcane Marksman began the quest for the
                  | Orb.
     0 | D:1      | Reached XP level 1. HP: 19/19 MP: 2/2
   311 | D:1      | Reached XP level 2. HP: 28/28 MP: 1/4
   587 | D:1      | Reached skill level 3 in Hexes
   738 | D:1      | Learned a level 2 spell: Slow
   797 | D:1      | Reached XP level 3. HP: 32/35 MP: 4/6
   958 | D:2      | Found a deep blue altar of Sif Muna.
   998 | D:2      | You fall through a shaft for 2 floors!
  1026 | D:4      | Noticed a scorpion
  1034 | D:4      | Gained mutation: You have large cloven feet. [potion of
                  | mutation]
  1034 | D:4      | Gained mutation: You have a pair of small antennae on your
                  | head. [potion of mutation]
  1040 | D:4      | Killed a scorpion
  1040 | D:4      | Reached XP level 4. HP: 6/42 MP: 0/7
  1041 | D:4      | HP: 1/42 [dart slug/slug dart (4)]
  1042 | D:4      | Slain by a dart slug

Skill      XL: |  1  2 |
---------------+-------+-----
Fighting       | 2 |  2.1
Spellcasting   | 2 |  2.3
Hexes          | 3 |  3.7
Throwing       | |  2.5
Dodging        | |  1.7

Action                   |  1- 3 |  4- 6 || total
-------------------------+-------+-------++-------
Melee: Unarmed           |    11 |       ||    11
       Spear             |    84 |     1 ||    85
       Kick              |     1 |     1 ||     2
Throw: Large rock        |     2 |       ||     2
 Cast: Corona            |    16 |       ||    16
       Slow              |     4 |       ||     4
  Use: Potion            |     5 |       ||     5
       Scroll            |     1 |     1 ||     2
 Stab: Sleeping          |     1 |       ||     1
  Eat: Chunk             |     1 |       ||     1
Armor: Robe              |    32 |     1 ||    33
Dodge: Dodged            |    59 |     2 ||    61
